 Dungeon Crawl Stone Soup version 0.16.2-12-gd0ad4c3 (webtiles) character file.

1374 Ijustatesigmund the Covert (level 8, 0/50 HPs)
             Began as an Octopode Assassin on Oct 13, 2015.
             Was an Initiate of Okawaru.
             Succumbed to a killer bee's poison
             ... on level 7 of the Dungeon.
             The game lasted 00:26:18 (7481 turns).

Ijustatesigmund the Covert (Octopode Assassin)      Turns: 7481, Time: 00:26:18

Health: 0/50       AC:  1    Str: 10      XL:     8   Next: 66%
Magic:  8/8        EV: 13    Int: 13      God:    Okawaru [......]
Gold:   207        SH:  0    Dex: 13 (16) Spells: 0 memorised, 7 levels left

rFire  + . .     SeeInvis .     a - +3 dagger
rCold  + + +     Clarity  +     (no shield)
rNeg   . . .     SustAb   .     (helmet restricted)
rPois  +         Gourm    .     r - amulet of clarity
rElec  +         Spirit   .     c - ring of protection from cold
rCorr  +         Warding  .     l - ring of poison resistance
rMut   .         Stasis   .     v - ring of protection from cold
MR     .....                    (no ring)
Stlth  +++++.....               (no ring)
                                (no ring)
                                (no ring)
                                (no ring)

@: lethally poisoned (0 -> -1), resistant, very slightly contaminated,
invisible, not resistant to hostile enchantments, quite stealthy
A: almost no armour, amphibious, 8 rings, constrict 8, camouflage 1, mutation
resistance 1, wild magic 1, gelatinous body 1
a: Renounce Religion


You were on level 7 of the Dungeon.
You worshipped Okawaru.
Okawaru was noncommittal.
You were not hungry.

You visited 2 branches of the dungeon, and saw 8 of its levels.

You collected 309 gold pieces.
You spent 102 gold pieces at shops.

Inventory:

Hand weapons
 a - a +3 dagger (weapon)
 b - a +1 blowgun
Missiles
 k - 23 sling bullets
 y - 4 poisoned tomahawks (quivered)
Armour
 d - a +1 shield
Jewellery
 c - a ring of protection from cold (left tentacle)
 l - a ring of poison resistance (right tentacle)
 r - an amulet of clarity (around mantle)
 v - a ring of protection from cold (on tentacle)
Scrolls
 m - 3 scrolls of teleportation
 p - 2 scrolls of fog
 q - 3 scrolls of remove curse
 u - a scroll of enchant armour
 z - a scroll of immolation
Potions
 h - 2 potions of flight
 i - a potion of mutation
 j - a potion of haste
 o - a potion of invisibility
 s - 2 potions of cancellation
Comestibles
 g - 6 bread rations
 t - 3 meat rations


   Skills:
 - Level 2.0 Fighting
 + Level 6.2 Short Blades
 + Level 6.3 Throwing
 - Level 4.0 Dodging
 - Level 8.0 Stealth


You had 7 spell levels left.
You didn't know any spells.

Dungeon Overview and Level Annotations

Branches:
Dungeon (7/15)             Temple (1/1) D:5

Altars:
Ashenzari
Cheibriados
Dithmenos
Elyvilon
Fedhas
Gozag
Kikubaaqudgha
Makhleb
Nemelex Xobeh
Okawaru
Qazlal
Sif Muna
Trog
Vehumet
Xom
Zin
The Shining One

Shops:
D:4 ?


Innate Abilities, Weirdness & Mutations

You cannot wear most types of armour.
You are amphibious.
You can wear up to eight rings at the same time.
You can use your tentacles to constrict many enemies at once.
Your skin changes colour to match your surroundings (Stealth).
Your rubbery body absorbs attacks (AC +1).
You are somewhat resistant to further mutation.
Your spells are a little harder to cast, but a little more powerful.


Message History

It was a potion of restore abilities.
You feel refreshed.
* * * LOW HITPOINT WARNING * * *
You feel sick. The killer bee misses you. The killer bee closely misses you.
Drink which item? (? for menu, Esc to quit)
It was a potion of degeneration.
There was something very wrong with that liquid.
You feel clumsy. The killer bee closely misses you. x2
You miss the killer bee. Your grab misses the killer bee.
The killer bee is lightly wounded.
The killer bee closely misses you.
You completely miss the killer bee. Your grab misses the killer bee.
The killer bee is lightly wounded.
* * * LOW HITPOINT WARNING * * *
You feel sick.
* * * LOW HITPOINT WARNING * * *
You feel sick.
* * * LOW HITPOINT WARNING * * *
You feel sick.
You die...

..........y#.# #.......#
#..........#.# #.......#
#......y...#.# #.....<.#
#..........#.# #.......#
#..........#.# ######..(....#
#####..#(###.#####............#
##.#.........#.###......###
#.#####.###.#.# #......#
####..####.# #@#.####.....#
#.......##.# #.#..........##
#.###....#.. ..######......#
#.# ....#.##########.#.##.# #.#
....#.##.....).)......# #.#
......##..........##### #.#
....#.##..........# #.# ....#
#.......[..# #.# ....#
##..........#


There were no monsters in sight!

Vanquished Creatures
  3 centaurs
  3 giant frogs (D:6)
  A killer bee (D:7)
  3 jellies (D:6)
  3 crimson imps (D:5)
  A goliath beetle (D:6)
  2 orc priests (D:3)
  Crazy Yiuf (D:3)
  3 orc wizards
  Natasha (twice) (D:5)
  6 worker ants
  Ijyb (D:2)
  4 gnolls (D:4)
  13 adders
  A worm (D:2)
  An adder zombie (D:7)
  2 giant geckos
  An ooze (D:3)
  18 orcs
  A bat skeleton (D:4)
  9 giant cockroaches
  15 hobgoblins
  3 jackals (D:4)
  A quokka (D:2)
  A ball python (D:3)
  11 bats
  2 giant newts
  12 goblins
  13 kobolds
  11 rats
  3 ballistomycetes (D:6)
151 creatures vanquished.

Vanquished Creatures (others)
  A giant spore (D:6)
1 creature vanquished.

Grand Total: 152 creatures vanquished

Notes
Turn   | Place    | Note
--------------------------------------------------------------
     0 | D:1      | Ijustatesigmund, the Octopode Assassin, began the quest for the Orb.
     0 | D:1      | Reached XP level 1. HP: 14/14 MP: 1/1
   345 | D:1      | Reached XP level 2. HP: 13/19 MP: 2/2
   923 | D:2      | Reached XP level 3. HP: 22/24 MP: 3/3
  1049 | D:2      | You fall through a shaft for 2 floors!
  1074 | D:4      | Reached skill level 6 in Stealth
  1246 | D:4      | Found Shyshyusm's Magic Scroll Shoppe.
  1262 | D:4      | Reached XP level 4. HP: 21/29 MP: 4/4
  1375 | D:4      | Bought a scroll of fog for 24 gold pieces
  1375 | D:4      | Bought a scroll of remove curse for 36 gold pieces
  1375 | D:4      | Bought a scroll of fear for 42 gold pieces
  1715 | D:2      | Reached XP level 5. HP: 29/34 MP: 5/5
  1887 | D:2      | Gained mutation: Your spells are a little harder to cast, but a little more powerful. [potion of beneficial mutation]
  2107 | D:2      | Noticed Ijyb
  2115 | D:2      | Killed Ijyb
  2115 | D:2      | Reached skill level 7 in Stealth
  2877 | D:3      | Reached XP level 6. HP: 39/39 MP: 6/6
  3323 | D:4      | Noticed a centaur
  3325 | D:4      | Killed a centaur
  3375 | D:3      | Found a sparkling altar of Nemelex Xobeh.
  3375 | D:3      | Found a white marble altar of Elyvilon.
  3376 | D:3      | Found a shattered altar of Ashenzari.
  3666 | D:3      | Reached skill level 8 in Stealth
  3784 | D:3      | Noticed Crazy Yiuf
  3790 | D:3      | Killed Crazy Yiuf
  3790 | D:3      | Reached XP level 7. HP: 45/45 MP: 7/7
  4614 | D:4      | Found a blossoming altar of Fedhas.
  4619 | D:4      | Found a burning altar of Makhleb.
  4810 | D:5      | Entered Level 5 of the Dungeon
  4885 | D:5      | Noticed Natasha
  4891 | D:5      | Killed Natasha
  5145 | D:5      | Reached skill level 5 in Short Blades
  5342 | D:5      | Noticed Natasha
  5440 | D:5      | Reached skill level 5 in Throwing
  5630 | D:6      | Reached XP level 8. HP: 20/50 MP: 8/8
  6197 | D:5      | Found a staircase to the Ecumenical Temple.
  6448 | D:5      | Gained mutation: You are somewhat resistant to further mutation. [potion of beneficial mutation]
  6748 | D:5      | Killed Natasha
  6764 | Temple   | Entered the Ecumenical Temple
  6809 | Temple   | Became a worshipper of Warmaster Okawaru
  6911 | D:6      | Found a bloodstained altar of Trog.
  7468 | D:7      | HP: 2/50 [poisoned by a killer bee]
  7474 | D:7      | HP: 1/50 [poisoned by a killer bee]
  7481 | D:7      | Succumbed to a killer bee's poison

Action                   |  1- 3 |  4- 6 |  7- 9 || total
-------------------------+-------+-------+-------++-------
Melee: Dagger            |    45 |   118 |   182 ||   345
 Fire: Blowgun           |    10 |    23 |     9 ||    42
Throw: Tomahawk          |       |       |     8 ||     8
  Use: Scroll            |     4 |     8 |     9 ||    21
       Potion            |       |     1 |     8 ||     9
 Stab: Sleeping          |     6 |    19 |    19 ||    44
       Distracted        |       |     2 |     2 ||     4
  Eat: Chunk             |     1 |     4 |     4 ||     9
       Royal jelly       |       |     1 |       ||     1
       Bread ration      |       |     1 |       ||     1
       Pizza             |       |       |     2 ||     2
       Beef jerky        |       |       |     1 ||     1
